 Dungeon Crawl Stone Soup version 0.22.1-2-g9c5b331383 (webtiles) character file.

25494 Gargoyl the Distorting Centaur (level 12, 0/113 HPs)
             Began as a Centaur Abyssal Knight on Dec 24, 2018.
             Was a Believer of Lugonu.
             Succumbed to a queen ant's poison
             ... on level 3 of the Lair of Beasts on Dec 25, 2018.
             The game lasted 00:27:53 (19425 turns).

Gargoyl the Distorting Centaur (CeAK)              Turns: 19425, Time: 00:27:53

Health: 0/113      AC: 10    Str: 20    XL:     12   Next: 90%
Magic:  20/20      EV:  7    Int: 16    God:    Lugonu [**....]
Gold:   582        SH: 10    Dex: 11    Spells: 11/11 levels left

rFire    . . .     SeeInvis +   n - +2 war axe (elec)
rCold    . . .     Gourm    .   j - +3 buckler "Fujajeyc" {MR+ Int+3}
rNeg     + . .     Faith    .   w - +4 chain mail
rPois    .         Spirit   .   A - +0 hat {SInv}
rElec    .         Reflect  +   C - +0 cloak
rCorr    .         Harm     .   G - +0 pair of gloves
MR       +....                  (no barding)
Stlth    ..........             p - +2 amulet of reflection
HPRegen  0.28/turn              E - ring of positive energy
MPRegen  0.17/turn              s - +2 ring of dexterity

@: lethally poisoned (0 -> -22), corroded, berserk cooldown, slowed
A: large, hooves 3, horns 1, rugged brown scales 1, clever 1, deformed body,
speed 2, robust 1, tough skin 3
a: Depart the Abyss, Bend Space, Renounce Religion


You were on level 3 of the Lair of Beasts.
You worshipped Lugonu.
Lugonu was pleased with you.
You were not hungry.

You visited 2 branches of the dungeon, and saw 14 of its levels.
You visited the Abyss 1 time.

You collected 781 gold pieces.
You spent 199 gold pieces at shops.

Inventory:

Hand Weapons
 a - a +1 hand axe
 h - a +1 hand axe of electrocution
 n - a +2 war axe of electrocution (weapon)
Armour
 j - the +3 buckler "Fujajeyc" (worn) {MR+ Int+3}
   (You bought it in a shop on level 4 of the Dungeon)

   It affects your intelligence (+3).
   It affects your resistance to hostile enchantments.
 w - a +4 chain mail (worn)
 A - a +0 hat of see invisible (worn)
 B - a scarf of repulsion
 C - a +0 cloak (worn)
 G - a +0 pair of gloves (worn)
Jewellery
 p - a +2 amulet of reflection (around neck)
 s - a +2 ring of dexterity (right hand)
 E - a ring of positive energy (left hand)
 J - a +3 ring of evasion {unknown}
Wands
 f - a wand of random effects (16)
 u - a wand of iceblast (20)
 v - a wand of flame (66)
 D - a wand of polymorph (4)
Scrolls
 b - 5 scrolls of amnesia
 d - 2 scrolls of blinking
 i - 6 scrolls of remove curse
 m - 5 scrolls of magic mapping
 t - 2 scrolls of identify
 x - a scroll of fear
 y - 3 scrolls of teleportation
 z - a scroll of fog
Potions
 g - 3 potions of invisibility
 k - 3 potions of haste
 l - 3 potions of magic
 o - 2 potions of degeneration
 q - a potion of resistance
 r - a potion of cancellation
 F - a potion of agility
Comestibles
 c - 20 rations


   Skills:
 + Level 7.4 Fighting
 + Level 10.1 Axes
 * Level 10.0 Armour
 + Level 2.9 Dodging
 + Level 4.9 Shields
 * Level 11.2 Invocations
 + Level 1.3 Evocations


You had 11 spell levels left.
You didn't know any spells.
Your spell library contained the following spells:

 Spells                   Type           Power        Failure   Level  Hunger
 Apportation              Tloc           #.....       87%         1    ##.....
 Confusing Touch          Hex            #.....       87%         1    ##.....
 Summon Butterflies       Summ           #.......     87%         1    ##.....
 Summon Small Mammal      Summ           #...         87%         1    ##.....
 Call Imp                 Summ           #.......     95%         2    ###....
 Call Canine Familiar     Summ           #.......     99%         3    ####...
 Confuse                  Hex            #.......     99%         3    ####...
 Gell's Gravitas          Tloc           #.........   99%         3    ####...
 Lesser Beckoning         Tloc           #.........   99%         3    ####...
 Summon Guardian Golem    Hex/Summ       #.......     99%         3    ####...
 Tukima's Dance           Hex            #.......     99%         3    ####...
 Ice Form                 Ice/Tmut       #.......     100%        4    #####..
 Petrify                  Tmut/Erth      #.......     100%        4    #####..
 Summon Ice Beast         Ice/Summ       #.......     100%        4    #####..
 Summon Lightning Spire   Summ/Air       #.......     100%        4    #####..
 Alistair's Intoxication  Tmut/Pois      #.......     100%        5    ######.
 Metabolic Englaciation   Hex/Ice        #.........   100%        5    ######.
 Yara's Violent Unravell  Hex/Tmut       #.........   100%        5    ######.
 Bolt of Cold             Conj/Ice       #.........   100%        6    #######
 Freezing Cloud           Conj/Ice/Air   #.........   100%        6    #######
 Invisibility             Hex            #.......     100%        6    #######
 Ozocubu's Refrigeration  Ice            #.........   100%        6    #######
 Simulacrum               Ice/Necr       #.........   100%        6    #######


Dungeon Overview and Level Annotations

Branches:
Dungeon (10/15)            Temple (0/1) D:6            Lair (4/6) D:9
  Swamp (0/4) Lair:4          Orc (0/2) D:9
  Snake: Lair:2-4    Spider: Lair:2-4

Altars:
Ashenzari
Cheibriados
Fedhas
Gozag
Hepliaklqana
Nemelex Xobeh
Okawaru
Ru
Vehumet
Xom
Zin

Shops:
D:4 [

Annotations:
Lair:3 exclusion: oklob plant
Abyss:1 Sonja, Urug


Innate Abilities, Weirdness & Mutations

You have hooves in place of feet.
Armour fits poorly on your strangely shaped body.
You cover ground very quickly.
You have extremely tough skin. (AC +3)
You have a pair of small horns on your head.
You are partially covered in rugged brown scales. (AC +1, +3% HP)
Your mind is acute. (Int +2)
You are robust. (+10% HP)


Message History

* * * LOW HITPOINT WARNING * * *
You feel sick.
* * * LOW HITPOINT WARNING * * *
You feel sick.
You feel your anger nearly subside.
You are no longer berserk.
You are exhausted.
You feel yourself slow down.
* * * LOW HITPOINT WARNING * * *
You feel sick.
* * * LOW HITPOINT WARNING * * *
You feel very sick.
* * * LOW HITPOINT WARNING * * *
You feel very sick.
Okay, then.
* * * LOW HITPOINT WARNING * * *
You feel very sick.
* * * LOW HITPOINT WARNING * * *
You feel sick.
There is a stone staircase leading up here.
You die...

##.......##.# # #..........## #
##........## # ##......## #
#.......## # ##........#
#...(.....## #..........# ###
##.@.....### ..# ##a.....#
..##### ######......# ###
...##.## ##.#.##a.....####.# ####
...#.#.###...#.#.......##..###..#
.###....#........................
.................................
≈................................
≈≈≈≈≈...........#................


You could see a queen ant and an entropy weaver.

Vanquished Creatures
  Gastronok (Lair:2)
  Harold (D:9)
  Fannar (Lair:1)
  A centaur zombie (D:10)
  A black mamba (Lair:2)
  Joseph (Lair:1)
  Psyche (D:10)
  7 spiny frogs
  3 rime drakes
  4 komodo dragons
  A polar bear (Lair:2)
  Prince Ribbit (D:6)
  22 blink frogs
  4 hippogriffs
  4 yaks (Lair:3)
  A wyvern (Lair:3)
  A basilisk (Lair:3)
  A steam dragon (D:9)
  2 vampire mosquitoes (Lair:4)
  A hungry ghost (D:9)
  4 soldier ants
  Duvessa (D:7)
  7 water moccasins
  An orc warrior (D:8)
  9 porcupines
  2 sky beasts
  3 ice beasts
  2 black bears (D:6)
  6 ogres
  An eye of draining (D:9)
  2 phantoms
  3 centaurs
  5 crocodiles
  4 big kobolds
  Blork the orc (D:4)
  9 bullfrogs
  Dowan (D:7)
  2 scorpions (D:9)
  A water moccasin skeleton (D:7)
  4 killer bees (D:8)
  6 crimson imps
  5 jellies
  An electric eel (Lair:4)
  A bullfrog zombie (D:5)
  A bullfrog skeleton (D:7)
  4 orc priests
  Crazy Yiuf (D:4)
  6 hounds
  11 orc wizards
  A centaur skeleton (D:7)
  2 iguanas
  5 worker ants
  A hound zombie (D:8)
  A hound skeleton (D:8)
  Robin (D:3)
  8 adders
  A gnoll (D:1)
  4 shadow imps
  An adder zombie (D:8)
  2 adder skeletons
  A worm (D:2)
  3 dart slugs
  7 leopard geckos
  35 orcs
  2 ball pythons
  2 bats
  3 giant cockroaches
  7 hobgoblins
  10 jackals
  4 quokkas
  2 frilled lizards
  14 goblins
  A jackal skeleton (D:7)
  39 kobolds
  A quokka skeleton (D:8)
  A quokka zombie (D:5)
  7 rats
  7 fungi (D:9)
  A plant (Lair:2)
337 creatures vanquished.

Vanquished Creatures (others)
  3 hydras
  A two-headed ogre (D:10)
  A hungry ghost (D:9)
  A sky beast (D:8)
  An orc wizard (D:4)
  4 fungi
  4 plants
15 creatures vanquished.

Grand Total: 352 creatures vanquished

Notes
Turn   | Place    | Note
-------+----------+-------------------------------------------
     0 | Abyss:1  | Gargoyl the Centaur Abyssal Knight began the quest for the
                  | Orb.
     0 | Abyss:1  | Reached XP level 1. HP: 19/19 MP: 2/2
    99 | Abyss:1  | Noticed a thrashing horror
   100 | D:1      | Escaped the Abyss
   308 | D:1      | Reached * piety under Lugonu
   375 | D:1      | Found a shattered altar of Ashenzari.
   387 | D:1      | Reached XP level 2. HP: 17/26 MP: 3/3
  1142 | D:2      | Reached XP level 3. HP: 31/31 MP: 4/4
  1466 | D:2      | Found a hazy altar of Hepliaklqana.
  1466 | D:2      | Found a shattered altar of Ashenzari.
  1466 | D:2      | Found a shimmering altar of Xom.
  1841 | D:2      | Reached XP level 4. HP: 22/38 MP: 5/5
  2429 | D:3      | Found a sparkling altar of Nemelex Xobeh.
  2500 | D:3      | Noticed Robin
  2513 | D:3      | Killed Robin
  2515 | D:3      | Reached ** piety under Lugonu
  2544 | D:3      | Reached XP level 5. HP: 26/45 MP: 7/7
  3285 | D:4      | Noticed an ogre
  3291 | D:4      | Killed an ogre
  3291 | D:4      | Reached skill level 1 in Dodging
  3291 | D:4      | Reached skill level 3 in Invocations
  3291 | D:4      | Reached XP level 6. HP: 40/51 MP: 8/8
  3394 | D:4      | Noticed a water moccasin
  3406 | D:4      | Killed a water moccasin
  3613 | D:4      | Found a snail-covered altar of Cheibriados.
  3967 | D:4      | Found an opulent altar of Gozag.
  4181 | D:4      | Found Josmig's Antique Armour Shoppe.
  4186 | D:4      | Bought a heavily runed buckler for 199 gold pieces
  4191 | D:4      | Identified the +3 buckler "Fujajeyc" {MR+ Int+3} (You
                  | bought it in a shop on level 4 of the Dungeon)
  4223 | D:4      | Found a runed door.
  4262 | D:4      | Reached XP level 7. HP: 58/58 MP: 9/9
  4264 | D:4      | Noticed Blork the orc
  4313 | D:4      | Killed Blork the orc
  4590 | D:4      | Noticed Crazy Yiuf
  4594 | D:4      | Killed Crazy Yiuf
  4594 | D:4      | Reached skill level 4 in Invocations
  4661 | D:5      | Entered Level 5 of the Dungeon
  5070 | D:5      | Reached XP level 8. HP: 21/66 MP: 11/11
  5316 | D:5      | Reached *** piety under Lugonu
  5475 | D:5      | Reached skill level 5 in Armour
  5658 | D:5      | Reached skill level 1 in Shields
  5812 | D:5      | Found a radiant altar of Vehumet.
  5969 | D:5      | Found a sacrificial altar of Ru.
  6251 | D:6      | Found a blossoming altar of Fedhas.
  6271 | D:6      | Reached skill level 5 in Axes
  6301 | D:6      | Noticed Prince Ribbit
  6341 | D:6      | Killed Prince Ribbit
  6341 | D:6      | Reached skill level 5 in Invocations
  6411 | D:6      | Reached **** piety under Lugonu
  6453 | D:6      | Found a staircase to the Ecumenical Temple.
  6681 | D:6      | Reached XP level 9. HP: 68/72 MP: 13/13
  7071 | D:7      | Noticed Duvessa
  7072 | D:7      | Noticed Dowan
  7090 | D:7      | Killed Duvessa
  7098 | D:7      | Killed Dowan
  7248 | D:7      | Reached skill level 5 in Fighting
  7798 | D:8      | Reached skill level 6 in Invocations
  7928 | D:8      | Found a glowing silver altar of Zin.
  8109 | D:8      | Gained mutation: You are weak. (Str -2) [potion of
                  | mutation]
  8109 | D:8      | Gained mutation: You are agile. (Dex +2) [potion of
                  | mutation]
  8109 | D:8      | Gained mutation: Your magical capacity is low. (-10% MP)
                  | [potion of mutation]
  8109 | D:8      | Gained mutation: You have a pair of small horns on your
                  | head. [potion of mutation]
  8123 | D:8      | Reached ***** piety under Lugonu
  8416 | D:8      | Lost mutation: You are weak. (Str -2) [potion of mutation]
  8416 | D:8      | Lost mutation: Your magical capacity is low. (-10% MP)
                  | [potion of mutation]
  8416 | D:8      | Lost mutation: You are agile. (Dex +2) [potion of mutation]
  8416 | D:8      | Lost mutation: You have a pair of small horns on your head.
                  | [potion of mutation]
  8416 | D:8      | Gained mutation: You do not regenerate when monsters are
                  | visible. [potion of mutation]
  8416 | D:8      | Gained mutation: You are covered in fur. (AC +1) [potion of
                  | mutation]
  8648 | D:9      | Reached XP level 10. HP: 77/81 MP: 14/14
  9093 | D:9      | Found an iron altar of Okawaru.
  9249 | D:9      | You fall through a shaft!
  9249 | D:10     | Entered Level 10 of the Dungeon
  9255 | D:10     | Noticed Psyche
  9260 | D:10     | Killed Psyche
  9537 | D:10     | Noticed a two-headed ogre
  9554 | D:10     | Banished a two-headed ogre
  9554 | D:10     | Reached skill level 7 in Invocations
  9674 | D:9      | Found a staircase to the Lair.
  9698 | D:9      | Lost mutation: You do not regenerate when monsters are
                  | visible. [potion of mutation]
  9698 | D:9      | Lost mutation: You are covered in fur. (AC +1) [potion of
                  | mutation]
  9698 | D:9      | Gained mutation: You are partially covered in rugged brown
                  | scales. (AC +1, +3% HP) [potion of mutation]
  9698 | D:9      | Gained mutation: Your natural rate of healing is unusually
                  | fast. [potion of mutation]
  9698 | D:9      | Gained mutation: You have a pair of small horns on your
                  | head. [potion of mutation]
  9698 | D:9      | Gained mutation: You are partially covered in slimy green
                  | scales. (AC +2) [potion of mutation]
  9790 | D:9      | Noticed Harold
  9809 | D:9      | Killed Harold
  9911 | D:9      | Noticed a six-headed hydra
  9919 | D:9      | Banished a six-headed hydra
 10035 | D:9      | Found a staircase to the Orcish Mines.
 10054 | D:9      | Reached skill level 8 in Invocations
 10426 | Lair:1   | Entered Level 1 of the Lair of Beasts
 10494 | Lair:1   | Noticed a spiny frog
 10494 | Lair:1   | Noticed a spiny frog
 10496 | Lair:1   | Noticed a spiny frog
 10514 | D:9      | Killed a spiny frog
 10514 | D:9      | Reached XP level 11. HP: 42/91 MP: 17/17
 11093 | Lair:1   | Noticed Sonja
 11118 | Lair:1   | Banished Sonja
 11363 | Lair:1   | Noticed Joseph
 11375 | Lair:1   | Killed Joseph
 11410 | Lair:1   | Noticed a four-headed hydra
 11413 | Lair:1   | Banished a five-headed hydra
 11755 | Lair:1   | Lost mutation: You are partially covered in slimy green
                  | scales. (AC +2) [potion of mutation]
 11755 | Lair:1   | Lost mutation: Your natural rate of healing is unusually
                  | fast. [potion of mutation]
 11755 | Lair:1   | Gained mutation: Your mind is acute. (Int +2) [potion of
                  | mutation]
 11755 | Lair:1   | Gained mutation: You are robust. (+10% HP) [potion of
                  | mutation]
 11805 | Lair:1   | Reached skill level 9 in Invocations
 13180 | Lair:2   | Noticed Gastronok
 13405 | Lair:2   | Noticed Urug
 13634 | Lair:2   | Noticed Fannar
 14362 | Lair:1   | Killed Fannar
 14501 | Lair:2   | Killed Gastronok
 14501 | Lair:2   | Reached skill level 1 in Evocations
 14501 | Lair:2   | Reached XP level 12. HP: 77/113 MP: 19/19
 14863 | Lair:1   | Banished Urug
 15866 | Lair:3   | Noticed a four-headed hydra
 15878 | Lair:3   | Banished a four-headed hydra
 15878 | Lair:3   | Reached skill level 10 in Invocations
 16312 | Lair:3   | Noticed a six-headed hydra
 16321 | Lair:3   | Banished a six-headed hydra
 16603 | Lair:3   | Noticed a seven-headed hydra
 16607 | Lair:3   | Banished a seven-headed hydra
 16641 | Lair:3   | Reached skill level 10 in Axes
 17388 | Lair:3   | Noticed an eight-headed hydra
 17394 | Lair:3   | Banished an eight-headed hydra
 17821 | Lair:4   | Noticed a four-headed hydra
 17823 | Lair:4   | Banished a four-headed hydra
 17851 | Lair:4   | Noticed an eight-headed hydra
 17853 | Lair:4   | Banished an eight-headed hydra
 17853 | Lair:4   | Reached skill level 11 in Invocations
 18126 | Lair:4   | Found a staircase to the Swamp.
 18424 | Lair:4   | Noticed an entropy weaver
 18428 | Lair:4   | Reached skill level 10 in Armour
 18428 | Lair:4   | Noticed a queen ant
 18430 | Lair:4   | Noticed an entropy weaver
 19423 | Lair:3   | HP: 5/113 [poisoned by a queen ant]
 19425 | Lair:3   | Succumbed to a queen ant's poison

Skill      XL: |  1  2  3  4  5  6  7  8  9 10 11 12 |
---------------+-------------------------------------+-----
Axes           | 2 3 4 5 7 8 9 10 | 10.1
Armour         | 2 3 4 5 6 7 8 10 | 10.0
Dodging        | 1 2 |  2.9
Invocations    | 3 4 5 6 8 9 11 | 11.2
Fighting       | 4 5 6 7 |  7.4
Shields        | 1 2 3 4 |  4.9
Evocations     | 1 |  1.3

Action                   |  1- 3 |  4- 6 |  7- 9 | 10-12 || total
-------------------------+-------+-------+-------+-------++-------
Melee: Hand axe          |    88 |   146 |   384 |   127 ||   745
       Kick              |    11 |    33 |    84 |   130 ||   258
       Headbutt          |       |       |     5 |    77 ||    82
       War axe           |       |       |       |   408 ||   408
Invok: Depart the Abyss  |     1 |       |       |       ||     1
       Banish            |       |       |       |    24 ||    24
Evoke: Wand              |       |       |     1 |    19 ||    20
  Use: Scroll            |     1 |     8 |    10 |     8 ||    27
       Potion            |       |     4 |     5 |     9 ||    18
  Eat: Chunk             |     1 |     7 |     9 |    22 ||    39
       Ration            |       |       |     1 |     5 ||     6
Armor: Chain mail        |    68 |    77 |   220 |   266 ||   631
       Skin              |       |       |    26 |     4 ||    30
Dodge: Dodged            |    21 |    30 |    79 |   145 ||   275
Block: Buckler           |       |     1 |   146 |   274 ||   421
       Reflection        |       |       |     4 |     8 ||    12
